 Dungeon Crawl Stone Soup version 0.28-a0-722-gc0678643b6 (webtiles) character file.

Game seed: 8684018800967220896

115 Ijustatesigmund the Charlatan (level 5, 0/55 (60) HPs)
             Began as a Gnoll Artificer on Oct 25, 2021.
             Succumbed to an adder's poison
             ... on level 6 of the Dungeon.
             The game lasted 00:04:23 (4023 turns).

Ijustatesigmund the Charlatan (Gnoll Artificer)     Turns: 4023, Time: 00:04:23

HP:   0/55 (60)     AC: 22    Str: 12    XL:     5   Next: 0%
MP:   6/6           EV:  2    Int: 11    God:
Gold: 152           SH:  0    Dex: 12    Spells: 6/6 levels left

rFire   . . .      SeeInvis .   a - +0 long sword
rCold   . . .      Faith    .   (no shield)
rNeg    . . .      Spirit   .   (armour currently unavailable)
rPois   +          Reflect  .   (helmet currently unavailable)
rElec   .          Harm     .   (cloak currently unavailable)
rCorr   .          Rampage  .   (gloves currently unavailable)
Will    .....      NoTele   +   (boots currently unavailable)
Stlth   ++........              (no amulet)
HPRegen 0.18/turn               (no ring)
MPRegen 0.10/turn               (no ring)

@: mighty, lethally poisoned (0 -> -2), tree-form, drained
A: stationary, stasis, torment immunity, boosted hp, (fangs 1), strong nose,
distributed training
a: no special abilities


You were on level 6 of the Dungeon.
You were a tree.
You visited 1 branch of the dungeon, and saw 4 of its levels.

You collected 152 gold pieces.

Inventory:

Hand Weapons
 a - a +0 long sword (weapon)
Armour
 b - a +0 leather armour of cold resistance (melded)
Jewellery
 h - an amulet of regeneration
Wands
 c - a wand of flame (12) (quivered)
 d - a wand of charming (15)
Potions
 l - a potion of mutation {unknown}
Miscellaneous
 e - a piece from Xom's chessboard (15/15)


   Skills:
 + Level 2.8 Fighting
 + Level 1.3 Short Blades
 + Level 1.3 Long Blades
 + Level 1.3 Axes
 + Level 1.3 Maces & Flails
 + Level 1.3 Polearms
 + Level 1.3 Staves
 + Level 1.3 Slings
 + Level 1.3 Bows
 + Level 1.3 Crossbows
 + Level 1.3 Throwing
 + Level 4.7 Armour
 + Level 2.8 Dodging
 + Level 2.6 Stealth
 + Level 1.3 Shields
 + Level 1.3 Unarmed Combat
 + Level 1.3 Spellcasting
 + Level 1.0 Conjurations
 + Level 1.0 Hexes
 + Level 1.0 Summonings
 + Level 1.0 Necromancy
 + Level 1.0 Translocations
 + Level 1.0 Transmutations
 + Level 1.0 Fire Magic
 + Level 1.0 Ice Magic
 + Level 1.0 Air Magic
 + Level 1.0 Earth Magic
 + Level 1.0 Poison Magic
 + Level 1.4 Invocations
 + Level 6.6 Evocations


You had 6 spell levels left.
You didn't know any spells.
Your spell library contained the following spells:

 Spells                   Type           Power      Damage    Failure   Level
 Dazzling Flash           Conj/Hex       6%         N/A       52%         3
 Iskenderun's Mystic Bla  Conj/Tloc      3%         2d3       90%         4
 Starburst                Conj/Fire      1%         6d3       100%        6


Dungeon Overview and Level Annotations

Branches:
Dungeon (3/15)

Altars:


Innate Abilities, Weirdness & Mutations

You are a tree.
Your roots penetrate the ground, keeping you stationary.
You cannot be teleported.
You are immune to unholy pain and torment.
Your maximum health is greatly increased.
Your equipment is partially melded.
((You have very sharp teeth.))
Your uncanny sense of smell can sniff out nearby items.
Your experience applies equally to all skills.


Message History

You feel drained. The adder bites you but does no damage.
The jelly barely misses you.
You slash the orc warrior!
The orc warrior is moderately wounded.
You feel sick.
The orc wizard hits you but does no damage.
The adder bites you but does no damage.
The orc wizard mumbles some strange words.
The orc wizard flickers and vanishes!
Deactivating autopickup; reactivate with Ctrl-A.
The jelly hits you but does no damage.
The orc warrior hits you with a +0 dire flail!
The adder bites you but does no damage.
You hit the orc warrior.
The orc warrior is heavily wounded.
You feel sick. Something hits you but does no damage.
The orc warrior hits you but does no damage.
The jelly hits you but does no damage.
The orc wizard hits you but does no damage.
You feel drained. The adder bites you but does no damage.
You hear some strange, mumbled words.
A magic dart appears from out of thin air!
The magic dart hits you.
* * * LOW HITPOINT WARNING * * *
You barely miss the orc warrior.
The orc warrior is heavily wounded.
You feel sick. The adder bites you but does no damage.
The orc warrior hits you with a +0 dire flail!
* * * LOW HITPOINT WARNING * * *
The jelly hits you but does no damage. The orc wizard casts a spell at you.
The puff of flame hits you but does no damage.
The adder bites you but does no damage. Something hits you but does no damage.
The orc wizard hits you but does no damage.
You feel drained. The jelly hits you but does no damage.
The orc warrior hits you but does no damage.
The orc wizard mumbles some strange words.
The orc wizard flickers and vanishes!
Something hits you but does no damage.
You closely miss the orc wizard.
You die...

###.#### ......#
.####.##.########
.....{oo........#
##nS♣......#.#
......{J.....!..#
.####..#....#.#.#
#..#.#..#.#.#
#..#.#..#.#.#
#..#.#..#.#..
........#....
....####.### #.#


You could see an orc warrior, a necrophage, a jelly, an orc wizard and an adder.

Vanquished Creatures
  A hound skeleton (D:2)
  3 adders
  2 worms (D:2)
  3 bats
  5 endoplasms
  4 giant cockroaches
  3 goblins
  8 hobgoblins
  3 jackals (D:2)
  5 kobolds
  5 quokkas (D:1)
  6 ball pythons
  13 frilled lizards
  4 rats
65 creatures vanquished.

Vanquished Creatures (others)
  6 plants (D:2)
6 creatures vanquished.

Grand Total: 71 creatures vanquished

Notes
Turn   | Place    | Note
-------+----------+-------------------------------------------
     0 | D:1      | Ijustatesigmund the Gnoll Artificer began the quest for the
                  | Orb.
     0 | D:1      | Reached XP level 1. HP: 17/17 MP: 1/1
   389 | D:1      | Reached XP level 2. HP: 17/23 MP: 2/2
  1166 | D:1      | Reached XP level 3. HP: 28/28 MP: 3/3
  1767 | D:2      | Reached skill level 1 in Invocations
  2003 | D:2      | Reached skill level 1 in Short Blades
  2003 | D:2      | Reached skill level 1 in Long Blades
  2003 | D:2      | Reached skill level 1 in Axes
  2003 | D:2      | Reached skill level 1 in Maces & Flails
  2003 | D:2      | Reached skill level 1 in Polearms
  2003 | D:2      | Reached skill level 1 in Staves
  2003 | D:2      | Reached skill level 1 in Slings
  2003 | D:2      | Reached skill level 1 in Bows
  2003 | D:2      | Reached skill level 1 in Crossbows
  2003 | D:2      | Reached skill level 1 in Throwing
  2003 | D:2      | Reached skill level 1 in Shields
  2003 | D:2      | Reached skill level 1 in Unarmed Combat
  2003 | D:2      | Reached skill level 1 in Spellcasting
  2187 | D:2      | Found a faded altar of an unknown god.
  2202 | D:2      | Reached XP level 4. HP: 34/34 MP: 5/5
  2925 | D:2      | Reached skill level 1 in Conjurations
  2925 | D:2      | Reached skill level 1 in Hexes
  2925 | D:2      | Reached skill level 1 in Summonings
  2925 | D:2      | Reached skill level 1 in Necromancy
  2925 | D:2      | Reached skill level 1 in Translocations
  2925 | D:2      | Reached skill level 1 in Transmutations
  2925 | D:2      | Reached skill level 1 in Fire Magic
  2925 | D:2      | Reached skill level 1 in Ice Magic
  2925 | D:2      | Reached skill level 1 in Air Magic
  2925 | D:2      | Reached skill level 1 in Earth Magic
  2925 | D:2      | Reached skill level 1 in Poison Magic
  3965 | D:3      | Reached XP level 5. HP: 36/40 MP: 6/6
  4002 | D:3      | You fall into a shaft and drop 3 floors!
  4011 | D:6      | Noticed an orc warrior
  4014 | D:6      | Noticed a necrophage
  4022 | D:6      | HP: 2/57 [orc warrior (12)]
  4023 | D:6      | Succumbed to an adder's poison

Illustrated notes

Levels and vault maps discovered:
D:1:      kilobyte_arrival_exit_the_forest, layout_loops_corners
D:2:      minmay_skewed_foursquare, layout_basic,
          shapermc_ecumenical_altar_mp_urbaneastern,
          minmay_misc_feat_secret_circle, minmay_lizard_king
D:3:      layout_rooms, mainiacjoe_overflow_24_doors, grunt_ministairs_2
D:6:      layout_loops_ring, elyvilon_altar_1, nicolae_ossuary_entry_monument,
          minmay_misc_feat_room

Skill      XL: |  1  2  3  4 |
---------------+-------------+-----
Invocations    | 1 |  1.4
Short Blades   | 1 |  1.3
Long Blades    | 1 |  1.3
Axes           | 1 |  1.3
Maces & Flails | 1 |  1.3
Polearms       | 1 |  1.3
Staves         | 1 |  1.3
Slings         | 1 |  1.3
Bows           | 1 |  1.3
Crossbows      | 1 |  1.3
Throwing       | 1 |  1.3
Shields        | 1 |  1.3
Unarmed Combat | 1 |  1.3
Spellcasting   | 1 |  1.3
Conjurations   | 1 |  1.0
Hexes          | 1 |  1.0
Summonings     | 1 |  1.0
Necromancy     | 1 |  1.0
Translocations | 1 |  1.0
Transmutations | 1 |  1.0
Fire Magic     | 1 |  1.0
Ice Magic      | 1 |  1.0
Air Magic      | 1 |  1.0
Earth Magic    | 1 |  1.0
Poison Magic   | 1 |  1.0
Fighting       | |  2.8
Armour         | |  4.7
Dodging        | |  2.8
Stealth        | |  2.6
Evocations     | |  6.6

Action                   |  1- 3 |  4- 6 || total
-------------------------+-------+-------++-------
Melee: Long sword        |   126 |   130 ||   256
       Bite              |     6 |     8 ||    14
       Punch             |     1 |     1 ||     2
Evoke: Wand              |       |     3 ||     3
  Use: Scroll            |     5 |     4 ||     9
       Potion            |       |     3 ||     3
 Stab: Sleeping          |     2 |     1 ||     3
Armor: Leather armour    |    45 |    31 ||    76
       Skin              |       |    23 ||    23
Dodge: Dodged            |   103 |   113 ||   216

Table legend: (Time is in decaauts)
 A = Elapsed time spent in this place.
 B = Non-inter-level travel time spent in this place.
 C = Inter-level travel time spent in this place.
 D = Time resting spent in this place.
 E = Time spent auto-exploring this place.
 F = Levels seen in this place.
 G = Mean time per level.
                   A        B        C        D        E       F      G
               +--------+--------+--------+--------+--------+-----+--------+
         Total |   4120 |   4032 |     88 |    859 |   2531 |   4 | 1030.0 |
       Dungeon |   4120 |   4032 |     88 |    859 |   2531 |   4 | 1030.0 |
               +--------+--------+--------+--------+--------+-----+--------+

Top non-repeatable levels by time:
     D:1: 1699 daAuts
     D:2: 1661 daAuts
     D:3: 736 daAuts
     D:6: 23 daAuts
